 Dungeon Crawl Stone Soup version 0.21.1-1-g345015f (webtiles) character file.

25 garbagetei the Skirmisher (level 3, -2/23 HPs)
             Began as a Gargoyle Monk on Feb 23, 2018.
             Slain by a kobold (3 damage)
             ... on level 2 of the Dungeon.
             The game lasted 00:01:27 (1301 turns).

garbagetei the Skirmisher (Gargoyle Monk)           Turns: 1301, Time: 00:01:28

Health: -2/23      AC:  5    Str: 15    XL:     3   Next: 6%
Magic:  3/3        EV: 12    Int: 10    God:
Gold:   14         SH:  0    Dex: 12    Spells: 2/2 levels left

rFire    . . .     SeeInvis .   a - +0 mace
rCold    . . .     Gourm    .   (no shield)
rNeg     + . .     Faith    .   b - +0 robe
rPois    ∞         Spirit   .   (no helmet)
rElec    +         Reflect  .   (no cloak)
rCorr    .         Harm     .   (no gloves)
MR       .....                  (no boots)
Stlth    ++........             (no amulet)
HPRegen  0.07/turn              (no ring)
MPRegen  0.08/turn              (no ring)

@: no status effects
A: negative energy resistance 1, electricity resistance, unbreathing,
petrification resistance, rot immunity, AC +3
a: no special abilities


You were on level 2 of the Dungeon.
You were not hungry.

You visited 1 branch of the dungeon, and saw 2 of its levels.

You collected 14 gold pieces.

Inventory:

Hand Weapons
 a - a +0 mace (weapon)
Armour
 b - a +0 robe (worn)
Scrolls
 f - a scroll of teleportation {unknown}
 g - 2 scrolls of identify {unknown}
 h - a scroll of magic mapping {unknown}
 k - a scroll of fear {unknown}
 l - a scroll of remove curse {unknown}
 m - a scroll of amnesia {unknown}
Potions
 d - a potion of resistance {unknown}
 e - a potion of magic {unknown}
 i - a potion of brilliance {unknown}
 j - a potion of lignification {unknown}
 n - a potion of haste {unknown}
Comestibles
 c - 3 rations
 o - 2 chunks of flesh


   Skills:
 + Level 3.5 Fighting
 * Level 3.4 Maces & Flails
 * Level 1.6 Armour
 - Level 2.4 Dodging
 - Level 2.1 Stealth


You had 2 spell levels left.
You didn't know any spells.

Dungeon Overview and Level Annotations

Branches:
Dungeon (2/15)

Altars:


Innate Abilities, Weirdness & Mutations

You are resistant to torment.
Your stone body is resilient. (AC +3)
You are immune to poison.
You resist negative energy. (rN+)
You are resistant to electric shocks. (rElec)
You can survive without breathing.
You are immune to petrification.
You are immune to rotting.


Message History

The bat closely misses you. The bat barely misses you. The bat misses you.
The kobold misses you. The worm bites you!
* * * LOW HITPOINT WARNING * * *
You sock the worm!
You kill the worm!
You have reached level 3!
Your experience leads to an increase in your attributes!
Increase (S)trength, (I)ntelligence, or (D)exterity?
You feel stronger. The bat hits you.
* * * LOW HITPOINT WARNING * * *
The bat hits you but does no damage. The kobold closely misses you.
The bat barely misses you. x2
The bat hits you but does no damage.
You hit the bat.
You kill the bat!
The bat completely misses you.
You miss the kobold. The kobold barely misses you.
You barely miss the kobold. The kobold barely misses you. The kobold hits you.
You die...

#....... #######...#.#
........... ####.......#
... ..........<# .# .#..
..##.......# ...## ...
........b..######.......#
..###.##K#.#.........##.#
# #@#......#.#..##.#
#.###...##.#..##.#
#.#...<....#......
#.#.#..........#.#
#.#.#..##......#.#
#.#.#..##........)
#.#....##.....#..#
#.#.#.###........# ###.#
##+###....


You could see a bat and a kobold.

Vanquished Creatures
  A worm (D:2)
  A dart slug (D:1)
  2 leopard geckos
  A ball python (D:2)
  A hobgoblin (D:1)
  A quokka (D:2)
  2 bats
  2 frilled lizards (D:1)
  3 goblins
  4 kobolds
  3 rats
21 creatures vanquished.

Notes
Turn   | Place    | Note
-------+----------+-------------------------------------------
     0 | D:1      | garbagetei the Gargoyle Monk began the quest for the Orb.
     0 | D:1      | Reached XP level 1. HP: 14/14 MP: 1/1
   552 | D:1      | Reached XP level 2. HP: 19/19 MP: 2/2
   579 | D:1      | Reached skill level 1 in Armour
  1296 | D:2      | Reached XP level 3. HP: 1/23 MP: 3/3
  1296 | D:2      | HP: 1/23 [bat (1)]
  1301 | D:2      | Slain by a kobold

Skill      XL: |  1  2 |
---------------+-------+-----
Armour         | 1 |  1.6
Fighting       | |  3.5
Maces & Flails | |  3.4
Dodging        | |  2.4
Stealth        | |  2.1

Action                   || total
-------------------------++-------
Melee: Mace              ||    70
 Stab: Sleeping          ||     3
  Eat: Chunk             ||     1
Armor: Robe              ||    27
Dodge: Dodged            ||    57
